 Seeded DCSS version 0.30-a0-457-g4b7bca3bfa (webtiles) character file.

Game seed: 9653979536821995196 (custom seed)

3397 purpskrrrp the Sneak (level 10, -2/59 HPs)
             Began as an Octopode Transmuter on Dec 13, 2022.
             Was a Believer of Hepliaklqana.
             Slain by an unseen horror (3 damage)
             ... on level 8 of the Dungeon.
             The game lasted 00:14:39 (6418 turns).

purpskrrrp the Sneak (Octopode Transmuter)          Turns: 6418, Time: 00:14:40

Health: -2/59      AC:  4    Str: 10    XL:     10   Next: 4%
Magic:  17/17      EV: 20    Int: 19    God:    Hepliaklqana [**....]
Gold:   254        SH:  0    Dex: 18    Spells: 18/19 levels left

rFire   + . .      SeeInvis .    o - +8 lance "Wyrmbane" {slay drac, rPois rF+ rC+ AC+3}
rCold   + + .      Faith    .    (no shield)
rNeg    . . .      Spirit   .    (helmet restricted)
rPois   +          Reflect  .    c - amulet of regeneration
rElec   .          Harm     .    n - +4 ring of evasion
rCorr   .          Rampage  .    j - ring "Nuagouff" {rC+ Dex+5}
Will    .....                    (no ring)
Stlth   +++++.....               (no ring)
HPRegen 1.09/turn                (no ring)
MPRegen 0.15/turn                (no ring)
                                 (no ring)
                                 (no ring)

@: slowed, very slow
A: reduced essence, almost no armour, amphibious, 8 rings, camouflage 1,
gelatinous body 1, (nimble swimmer 1), tentacles
a: Renounce Religion, Ancestor Life: Knight, Ancestor Life: Battlemage, Ancestor
Life: Hexer, Recall Ancestor, Ancestor Identity


You were on level 8 of the Dungeon.
You worshipped Hepliaklqana.
Hepliaklqana was pleased with you.
You visited 2 branches of the dungeon, and saw 9 of its levels.

You collected 334 gold pieces.
You spent 80 gold pieces at shops.

Inventory:

Hand Weapons
 b - a +0 dagger
 k - the +0 staff of Battle
   (You acquired it on level 1 of the Dungeon)

   It enhances your conjuration magic.
   It summons a battlesphere in combat, with strength depending on Conjurations
   skill.
   Its strikes trigger the battlesphere's blasts.
 o - the +8 lance "Wyrmbane" (weapon) {slay drac, rPois rF+ rC+ AC+3}
   (You acquired it on level 2 of the Dungeon)

   It inflicts extra damage against dragons and draconians.
   AC:        It affects your AC (+3).
   rF:        It protects you from fire.
   rC:        It protects you from cold.
   rPois:     It protects you from poison.
Missiles
 u - 3 throwing nets
Armour
 C - a +1 hat
Jewellery
 c - an amulet of regeneration (around mantle)
 j - the ring "Nuagouff" (right tentacle) {rC+ Dex+5}
   (You acquired it on level 6 of the Dungeon)

   [ring of protection from cold]

   Dex:       It affects your dexterity (+5).
   rC:        It protects you from cold.
 n - a +4 ring of evasion (left tentacle)
 B - a +6 ring of dexterity
Wands
 w - a wand of iceblast (12)
Scrolls
 d - 2 scrolls of noise
 f - a scroll of enchant weapon
 p - 2 scrolls of teleportation
 v - a scroll of magic mapping
 x - a scroll of immolation
 y - 2 scrolls of amnesia
Potions
 a - 3 potions of lignification
 e - 4 potions of heal wounds
 g - a potion of haste {unknown}
 h - 2 potions of might
 i - 3 potions of curing
 l - 2 potions of degeneration {unknown}
 m - 2 potions of invisibility {unknown}
 q - 3 potions of attraction {unknown}
 r - a potion of ambrosia {unknown}
 s - a potion of cancellation {unknown}
 t - a potion of resistance {unknown}
 z - a potion of magic {unknown}
 A - 2 potions of flight {unknown}


   Skills:
 + Level 5.3 Fighting
 * Level 7.1 Polearms
 - Level 0.5(4.4) Staves
 + Level 5.6 Dodging
 + Level 7.1 Stealth
 - Level 3.2 Unarmed Combat
 + Level 5.1 Spellcasting
 + Level 5.6 Transmutations


You had 18 spell levels left.
You knew the following spells:

 Your Spells              Type           Power      Damage    Failure   Level
a - Beastly Appendage     Tmut           52%        N/A       1%          1

Your spell library contained the following spells:

 Spells                   Type           Power      Damage    Failure   Level
 Wereblood                Tmut           26%        N/A       1%          2
 Spider Form              Tmut/Pois      15%        N/A       12%         3
 Blade Hands              Tmut           13%        N/A       32%         5
 Inner Flame              Hex/Fire       4%         N/A       36%         3
 Ozocubu's Armour         Ice            4%         N/A       36%         3
 Portal Projectile        Hex/Tloc       8%         N/A       36%         3
 Tukima's Dance           Hex            4%         N/A       36%         3
 Ice Form                 Ice/Tmut       15%        N/A       36%         4
 Yara's Violent Unravell  Hex/Tmut       7%         3d5       71%         5
 Anguish                  Hex/Necr       2%         N/A       77%         4
 Flame Wave               Conj/Fire      4%         2d5       77%         4
 Passage of Golubria      Tloc           4%         N/A       77%         4
 Sticky Flame             Conj/Fire      4%         2d3       77%         4
 Metabolic Englaciation   Hex/Ice        2%         N/A       98%         5
 Simulacrum               Ice/Necr       2%         N/A       100%        6
 Enfeeble                 Hex            2%         N/A       100%        7


Dungeon Overview and Level Annotations

Branches:
Dungeon (8/15)             Temple (1/1) D:6
   Lair: D:8-11

Altars:
Ashenzari
Cheibriados
Dithmenos
Fedhas
Gozag
Hepliaklqana
Kikubaaqudgha
Makhleb
Nemelex Xobeh
Qazlal
Ru
Sif Muna
Trog
Uskayaw
Vehumet
Wu Jian
Xom
Yredelemnul

Shops:
D:3 *   D:6 [   D:7 =

Annotations:
D:5 2 runed translucent doors, Jeffwins's ghost, novice HuWn
D:7 2 runed translucent doors


Innate Abilities, Weirdness & Mutations

Your life essence is reduced to manifest your ancestor. (-10% HP)
You cannot wear most types of armour.
You are amphibious.
You can wear up to eight rings at the same time.
Your skin changes colour to match your surroundings (Stealth+).
Your rubbery body absorbs attacks. (AC +1, EV +1)
((You are camouflaged when in or above water. (Stealth+)))
You have tentacles for arms and can constrict up to eight enemies at once.


Message History

You aren't carrying any wearable armour.
C - a +1 hat Your transformation is almost over.
You can't wear that in your present form.
You start waiting.
Something unseen opens the door.
You start waiting.
Your tentacle spike disappears.
A kobold brigand comes into view.
It is wielding a +0 mace and quivering curare-tipped darts.
The kobold brigand throws a curare-tipped dart.
The curare-tipped dart hits you.
You are poisoned.
You have difficulty breathing.
You feel yourself slow down.
You feel very sick.
You feel sick. Something completely misses you. Something hits you!
Deactivating autopickup; reactivate with Ctrl-A.
You feel sick. Something hits you!
Keep equipping yourself?
Something hits you. x2; Something barely misses you.
You start putting on your armour.
You continue putting on your +1 hat.
You feel sick. Something barely misses you.
Something hits you but does no damage.
You continue putting on your +1 hat.
You feel sick. Something barely misses you.
The kobold brigand hits you with a +0 mace!
Something hits you.
* * * LOW HITPOINT WARNING * * *
You continue putting on your +1 hat.
You feel sick.
You are no longer poisoned.
Something hits you!
* * * LOW HITPOINT WARNING * * *
Something hits you but does no damage.
The kobold brigand completely misses you.
You continue putting on your +1 hat.
Something barely misses you.
The kobold brigand completely misses you.
The kobold brigand hits you with a +0 mace!
* * * LOW HITPOINT WARNING * * *
Something hits you.
You die...

'..........
#....).....
#..........
#..........
##..........
#...........
##†......K...
##...#K#.#####
#.)))#@##..
#.#†##{# ###
##...##{#
#...###.#
#...# #.#
#..## ... #..#
... ##.## .#.
#..#


You could see a kobold brigand.

Vanquished Creatures
  A shadow (D:8)
  A wyvern (D:7)
  3 water moccasins
  Duvessa (D:7)
  2 orc warriors
  2 black bears
  3 ice beasts
  A sky beast (D:6)
  3 centaurs
  2 ogres
  A kobold brigand (D:8)
  A necrophage (D:5)
  2 bullfrogs
  2 scorpions (D:5)
  Dowan (D:7)
  2 howler monkeys (D:8)
  5 hounds
  4 orc priests
  2 gnoll boudas
  A jelly (D:4)
  2 iguanas (D:4)
  Ijyb (D:3)
  3 orc wizards
  13 gnolls
  8 adders
  A shadow imp (D:5)
  A white imp (D:7)
  2 dart slugs
  22 orcs
  10 ball pythons
  8 endoplasms
  8 giant cockroaches
  15 goblins
  5 hobgoblins
  6 jackals
  5 quokkas
  10 bats
  3 frilled lizards
  14 kobolds
  3 rats (D:3)
180 creatures vanquished.

Vanquished Creatures (collateral kills)
  4 howler monkeys
  2 kobolds (D:8)
6 creatures vanquished.

Vanquished Creatures (others)
  2 ancestors
  3 fungi (D:5)
5 creatures vanquished.

Grand Total: 191 creatures vanquished

Notes
Turn   | Place    | Note
-------+----------+-------------------------------------------
     0 | D:1      | purpskrrrp the Octopode Transmuter began the quest for the
                  | Orb.
     0 | D:1      | Reached XP level 1. HP: 13/13 MP: 3/3
   230 | D:1      | Reached XP level 2. HP: 18/18 MP: 3/5
   687 | D:1      | Reached XP level 3. HP: 17/23 MP: 4/6
   891 | D:1      | Identified a scroll of acquirement
   891 | D:1      | Acquired the +0 staff of Battle
   891 | D:1      | Found the +0 staff of Battle
  1008 | D:2      | Identified the +10 trident "Isut Mok" {vorpal, Str+4
                  | Stlth+}
  1119 | D:2      | Reached skill level 1 in Stealth
  1263 | D:2      | Reached XP level 4. HP: 29/29 MP: 5/7
  1644 | D:2      | Acquired the +8 lance "Wyrmbane" {slay drac, rPois rF+ rC+
                  | AC+3}
  1644 | D:2      | Found the +8 lance "Wyrmbane" {slay drac, rPois rF+ rC+
                  | AC+3}
  1668 | D:3      | Found a shimmering altar of Xom.
  1675 | D:3      | Found a shimmering altar of Xom.
  1676 | D:3      | Found a shimmering altar of Xom.
  1676 | D:3      | Found a shimmering altar of Xom.
  1677 | D:3      | Found a shimmering altar of Xom.
  1677 | D:3      | Found a shimmering altar of Xom.
  1697 | D:3      | Found Gepsocir's Assorted Antiques.
  1711 | D:3      | Bought an orange potion for 20 gold pieces
  1711 | D:3      | Bought a clear potion for 20 gold pieces
  1711 | D:3      | Bought a grey potion for 20 gold pieces
  1711 | D:3      | Bought a pink potion for 20 gold pieces
  1764 | D:3      | Reached skill level 1 in Polearms
  1764 | D:3      | Reached XP level 5. HP: 21/34 MP: 6/8
  1818 | D:3      | Found a stormy altar of Qazlal.
  2203 | D:3      | Noticed Ijyb
  2223 | D:3      | Killed Ijyb
  2585 | D:4      | Noticed an ogre
  2602 | D:4      | Killed an ogre
  2603 | D:4      | Reached XP level 6. HP: 17/41 MP: 8/10
  3013 | D:4      | Reached XP level 7. HP: 45/45 MP: 11/11
  3210 | D:4      | Found a shimmering blue altar of Sif Muna.
  3402 | D:5      | Entered Level 5 of the Dungeon
  3455 | D:5      | Found a large runed translucent door.
  3455 | D:5      | Found a large runed translucent door.
  3590 | D:5      | Reached XP level 8. HP: 52/52 MP: 11/13
  3674 | D:5      | Found a radiant altar of Vehumet.
  3929 | D:5      | Found a hazy altar of Hepliaklqana.
  3934 | D:5      | Noticed Jeffwins's ghost (novice HuWn)
  4114 | D:5      | Reached skill level 5 in Stealth
  4342 | D:5      | Became a worshipper of Hepliaklqana the Forgotten
  4521 | D:6      | Reached skill level 5 in Polearms
  4578 | D:6      | Found a staircase to the Ecumenical Temple.
  4637 | D:6      | Acquired the ring "Nuagouff" {rC+ Dex+5}
  4656 | Temple   | Entered the Ecumenical Temple
  4886 | D:6      | Reached XP level 9. HP: 58/58 MP: 15/15
  5200 | D:6      | Found Xoniss's Antique Armour Emporium.
  5454 | D:7      | Reached skill level 5 in Transmutations
  5456 | D:7      | Reached * piety under Hepliaklqana
  5539 | D:7      | Found a large runed translucent door.
  5540 | D:7      | Found a large runed translucent door.
  5542 | D:7      | Found a shimmering altar of Xom.
  5544 | D:7      | Identified the +12 rapier of the Shimmering Tiger {chaos,
                  | Will+ Str+2}
  5646 | D:7      | Reached skill level 5 in Dodging
  5782 | D:7      | Found an ancient bone altar of Kikubaaqudgha.
  5784 | D:7      | Found a bloodstained altar of Trog.
  5854 | D:7      | Noticed Duvessa
  5854 | D:7      | Noticed Dowan
  5862 | D:7      | Killed Duvessa
  5865 | D:7      | Killed Dowan
  5914 | D:7      | Identified the +10 falchion "Tupaib" {elec, rPois rF- rCorr
                  | Str+3}
  5940 | D:7      | Reached skill level 5 in Fighting
  5951 | D:7      | Reached ** piety under Hepliaklqana
  5971 | D:7      | Found Nawa's Jewellery Boutique.
  6376 | D:8      | Reached skill level 5 in Spellcasting
  6385 | D:8      | Reached XP level 10. HP: 47/59 MP: 17/17
  6418 | D:8      | HP: 1/59 [kobold brigand/+0 mace (8)]
  6418 | D:8      | Slain by an unseen horror

Illustrated notes

Levels and vault maps discovered:
D:1:      lemuel_arrival_lava_pool, layout_basic
D:2:      cheibrodos_old_hovel, layout_loops_ring
D:3:      kennysheep_the_goblin_king, layout_loops_ring, xom_redecorated,
          nicolae_qazlal_general_emergency, serial_shops, shop,
          kennysheep_flooded_box
D:4:      layout_loops_ring, kennysheep_orc_sif_temple,
          hangedman_decor_peaks_small, hex_medium, minmay_strange_pillars,
          st_stairs_7, hangedman_decor_lopped
D:5:      layout_loops_ring, mainiacjoe_overflow_chevrons,
          mainiacjoe_overflow_boulevard, ebering_ghost_disaster_area
D:6:      layout_gridville, minmay_temple_entry_ruins, serial_shops,
          nicolae_shop_behind_doors, minmay_small_thing
D:7:      due_chaos_kobolds, layout_loops_corners,
          chequers_temple_overflow_statue_of_worship, serial_shops, shop,
          uniq_duvessa
D:8:      minmay_the_grid_triangle_9x9_rhombus_thin
          [minmay_the_grid_triangle_9x9_tough_junction,
          minmay_the_grid_triangle_9x9_prize_top_heavy,
          minmay_the_grid_triangle_9x9_impossible_snake,
          minmay_the_grid_triangle_9x9_sprig], layout_basic, elyvilon_altar_5,
          zin_angel
Temple:   chequers_temple_sunken

Skill      XL: |  1  2  3  4  5  6  7  8  9 |
---------------+----------------------------+-----
Stealth        | 1 2 3 4 5 7 |  7.1
Fighting       | 2 3 4 5 |  5.3
Polearms       | 1 2 3 5 7 |  7.1
Transmutations | 3 4 5 |  5.6
Dodging        | 3 4 5 |  5.6
Spellcasting   | 3 4 5 |  5.1
Staves         | |  0.5
Unarmed Combat | |  3.2

Action                   |  1- 3 |  4- 6 |  7- 9 | 10-12 || total
-------------------------+-------+-------+-------+-------++-------
Melee: Dagger            |    40 |       |       |       ||    40
       Tentacles         |    20 |    16 |    47 |     1 ||    84
       Constrict         |    18 |    23 |    35 |     1 ||    77
       Kick              |    14 |    19 |    66 |     3 ||   102
       Punch             |     4 |     3 |     3 |       ||    10
       Staff             |    39 |     9 |       |       ||    48
       Lance             |       |   110 |   239 |     5 ||   354
 Cast: Beastly Appendage |    22 |    25 |    43 |       ||    90
  Use: Scroll            |     1 |    12 |     3 |       ||    16
       Potion            |       |     2 |       |       ||     2
 Stab: Sleeping          |     8 |    11 |    14 |       ||    33
       Distracted        |       |       |     1 |       ||     1
Armor: Skin              |    14 |    15 |    15 |     3 ||    47
Dodge: Dodged            |    53 |    50 |    95 |    13 ||   211

Table legend: (Time is in decaauts)
 A = Elapsed time spent in this place.
 B = Non-inter-level travel time spent in this place.
 C = Inter-level travel time spent in this place.
 D = Time resting spent in this place.
 E = Time spent auto-exploring this place.
 F = Levels seen in this place.
 G = Mean time per level.
                   A        B        C        D        E       F      G
               +--------+--------+--------+--------+--------+-----+--------+
         Total |   6389 |   6155 |    234 |    243 |   4719 |   9 |  709.9 |
       Dungeon |   6190 |   5992 |    198 |    243 |   4564 |   8 |  773.8 |
        Temple |    198 |    162 |     36 |      0 |    155 |   1 |  198.0 |
               +--------+--------+--------+--------+--------+-----+--------+

Top non-repeatable levels by time:
     D:5: 995 daAuts
     D:3: 904 daAuts
     D:1: 893 daAuts
     D:7: 885 daAuts
     D:4: 836 daAuts
     D:2: 775 daAuts
     D:6: 735 daAuts
  Temple: 198 daAuts
     D:8: 165 daAuts
